TOP OF THE 1ST |
Buffalo Bisons batting - Pitching for Pawtucket Red Sox : RHP Danny Klomp
|
Pitching: RHP Danny Klomp
|
|
Batting: RHB Michel Martineau
|
0-0: Ball 1-0: Ball 2-0: Called Strike 2-1: Called Strike 2-2: SINGLE (Groundball, 6D, EV 110.0 MPH)
|
Batting: LHB Gabe Pace
|
0-0: Ball 1-0: Ball 2-0: Fielders Choice at 2nd, 6-4 (Groundball, 6M, EV 89.4 MPH)
|
Batting: SHB Dominik Hasek II
|
0-0: Called Strike 0-1: Ball 1-1: Ball Gabe Pace is caught stealing 2nd base 2-6 2-1: Ball 3-1: Foul Ball, location: 2F 3-2: Ground out 5-3 (Groundball, 56, EV 98.8 MPH)
|
Top of the 1st over - 0 runs, 1 hit, 0 errors, 0 left on base; Buffalo 0 - Pawtucket 0 |
BOTTOM OF THE 1ST |
Pawtucket Red Sox batting - Pitching for Buffalo Bisons : RHP Douglas ten Pas
|
Pitching: RHP Douglas ten Pas
|
|
Batting: RHB Sal Rivera
|
0-0: Ball 1-0: Swinging Strike 1-1: Ball 2-1: Ball 3-1: Swinging Strike 3-2: Strikes out swinging
|
Batting: RHB Brandon Perris
|
0-0: Called Strike 0-1: Ground out 6-3 (Groundball, P, EV 82.5 MPH)
|
Batting: SHB Ben Ervin
|
0-0: Called Strike 0-1: Foul Ball, location: 2F 0-2: Ball 1-2: Ball 2-2: Ball 3-2: Ground out 4-3 (Groundball, 34, EV 103.1 MPH)
|
Bottom of the 1st over - 0 runs, 0 hits, 0 errors, 0 left on base; Buffalo 0 - Pawtucket 0 |
TOP OF THE 2ND |
Buffalo Bisons batting - Pitching for Pawtucket Red Sox : RHP Danny Klomp
|
Batting: RHB Alex Ramos
|
0-0: Called Strike 0-1: Ball 1-1: Foul Ball, location: 2F 1-2: Fly out, F8 (Flyball, 8LXD, EV 108.8 MPH)
|
Batting: RHB Jorge Baret
|
0-0: Foul Ball, location: 2F 0-1: Ball 1-1: Ball 2-1: SOLO HOME RUN (Flyball, 78XD, EV 103.1 MPH), Distance : 411 ft
|
Batting: RHB John Loving
|
0-0: Called Strike 0-1: Called Strike 0-2: Ball 1-2: Foul Ball, location: 2F 1-2: Ball 2-2: Ball 3-2: Base on Balls
|
Batting: RHB Bryan Peterson
|
Pickoff Play to 1st, Runner tries for 2nd, OUT after rundown. 0-0: Ball 1-0: Called Strike 1-1: Ball 2-1: SINGLE (Flyball, 78S, EV 90.6 MPH)
|
Batting: RHB Frank Caulfield
|
0-0: Called Strike 0-1: Fly out, F9 (Line Drive, 9S, EV 94.4 MPH)
|
Top of the 2nd over - 1 run, 2 hits, 0 errors, 1 left on base; Buffalo 1 - Pawtucket 0 |
BOTTOM OF THE 2ND |
Pawtucket Red Sox batting - Pitching for Buffalo Bisons : RHP Douglas ten Pas
|
Batting: SHB Willie Koviak
|
0-0: Fly out, F8 (Line Drive, 8LM, EV 92.5 MPH)
|
Batting: RHB Ernie Genier
|
0-0: Ground out 6-3 (Groundball, 6, EV 85.0 MPH)
|
Batting: RHB John Chiesa
|
0-0: Called Strike 0-1: Ball 1-1: SINGLE (Groundball, 6MD, EV 99.4 MPH)
|
Batting: RHB Carlos Nolasco
|
0-0: Fielders Choice at 2nd, 6-4 (Groundball, 6MD, EV 84.4 MPH)
|
Bottom of the 2nd over - 0 runs, 1 hit, 0 errors, 1 left on base; Buffalo 1 - Pawtucket 0 |
TOP OF THE 3RD |
Buffalo Bisons batting - Pitching for Pawtucket Red Sox : RHP Danny Klomp
|
Batting: RHB Jose Garza
|
0-0: Ground out 1-3 (Groundball, 34S, EV 71.2 MPH)
|
Batting: RHB Michel Martineau
|
0-0: Ball 1-0: Called Strike 1-1: Ball 2-1: Ball 3-1: Ground out 4-3 (Groundball, 4, EV 95.6 MPH)
|
Batting: LHB Gabe Pace
|
0-0: Ball 1-0: Swinging Strike 1-1: Ball 2-1: Fly out, F7 (Flyball, 78M, EV 93.1 MPH)
|
Top of the 3rd over - 0 runs, 0 hits, 0 errors, 0 left on base; Buffalo 1 - Pawtucket 0 |
BOTTOM OF THE 3RD |
Pawtucket Red Sox batting - Pitching for Buffalo Bisons : RHP Douglas ten Pas
|
Batting: RHB Joe Sandoval
|
0-0: Called Strike 0-1: Fly out, F8 (Flyball, 8LXD, EV 102.5 MPH)
|
Batting: RHB Joe Evrard
|
0-0: Swinging Strike 0-1: Ball 1-1: Ball 2-1: Foul Ball, location: 2F 2-2: Strikes out swinging
|
Batting: RHB Sal Rivera
|
0-0: Called Strike 0-1: Swinging Strike 0-2: Ball 1-2: SINGLE (Groundball, 56D, EV 103.1 MPH)
|
Batting: RHB Brandon Perris
|
0-0: Ball 1-0: Swinging Strike 1-1: Ball 2-1: Foul Ball, location: 2F 2-2: Foul Ball, location: 2F 2-2: Strikes out swinging
|
Bottom of the 3rd over - 0 runs, 1 hit, 0 errors, 1 left on base; Buffalo 1 - Pawtucket 0 |
TOP OF THE 4TH |
Buffalo Bisons batting - Pitching for Pawtucket Red Sox : RHP Danny Klomp
|
Batting: SHB Dominik Hasek II
|
0-0: Called Strike 0-1: Ball 1-1: Ball 2-1: SINGLE (Groundball, 34, EV 102.5 MPH)
|
Batting: RHB Alex Ramos
|
0-0: Called Strike 0-1: Foul Ball, location: 2F 0-2: Ball 1-2: Ball 2-2: Strikes out swinging
|
Batting: RHB Jorge Baret
|
0-0: Called Strike 0-1: Called Strike Dominik Hasek II steals 2nd, throwing error, E2 Dominik Hasek II to third 0-2: Fly out, F7 (Flyball, 7S, EV 84.4 MPH)
|
Batting: RHB John Loving
|
0-0: Ball 1-0: Ball 2-0: Called Strike 2-1: Foul Ball, location: 2F 2-2: Foul Ball, location: 2F 2-2: Strikes out looking
|
Top of the 4th over - 0 runs, 1 hit, 1 error, 1 left on base; Buffalo 1 - Pawtucket 0 |
BOTTOM OF THE 4TH |
Pawtucket Red Sox batting - Pitching for Buffalo Bisons : RHP Douglas ten Pas
|
Batting: SHB Ben Ervin
|
0-0: Ball 1-0: Foul Ball, location: 2F 1-1: Ball 2-1: Foul Ball, location: 2F 2-2: Strikes out swinging
|
Batting: SHB Willie Koviak
|
0-0: SOLO HOME RUN (Flyball, 7LD, EV 97.5 MPH), Distance : 350 ft
|
Batting: RHB Ernie Genier
|
0-0: Ball 1-0: Foul Ball, location: 2F 1-1: Foul Ball, location: 2F 1-2: Ball 2-2: Foul Ball, location: 2F 2-2: Foul Ball, location: 2F 2-2: Strikes out looking
|
Batting: RHB John Chiesa
|
0-0: Ball 1-0: Ball 2-0: Ball 3-0: Called Strike 3-1: Fly out, F9 (Flyball, 9LM, EV 98.8 MPH)
|
Bottom of the 4th over - 1 run, 1 hit, 0 errors, 0 left on base; Buffalo 1 - Pawtucket 1 |
TOP OF THE 5TH |
Buffalo Bisons batting - Pitching for Pawtucket Red Sox : RHP Danny Klomp
|
Batting: RHB Bryan Peterson
|
0-0: Called Strike 0-1: Ball 1-1: Foul Ball, location: 2F 1-2: Ball 2-2: Foul Ball, location: 2F 2-2: Ball 3-2: Base on Balls
|
Batting: RHB Frank Caulfield
|
0-0: Ball Bryan Peterson is caught stealing 2nd base 2-4 1-0: Called Strike 1-1: Foul Ball, location: 2F 1-2: Ball 2-2: Strikes out swinging
|
Batting: RHB Jose Garza
|
0-0: Ball 1-0: Called Strike 1-1: Ground out 3-1 (Groundball, 34, EV 83.8 MPH)
|
Top of the 5th over - 0 runs, 0 hits, 0 errors, 0 left on base; Buffalo 1 - Pawtucket 1 |
BOTTOM OF THE 5TH |
Pawtucket Red Sox batting - Pitching for Buffalo Bisons : RHP Douglas ten Pas
|
Batting: RHB Carlos Nolasco
|
0-0: Ball 1-0: Called Strike 1-1: Foul Ball, location: 2F 1-2: Ball 2-2: Foul Ball, location: 2F 2-2: Ball 3-2: Ground out 6-3 (Groundball, 6MD, EV 104.4 MPH)
|
Batting: RHB Joe Sandoval
|
0-0: Ball 1-0: Foul Ball, location: 2F 1-1: Foul Ball, location: 2F 1-2: Fly out, F9 (Flyball, 9, EV 85.0 MPH)
|
Batting: RHB Joe Evrard
|
0-0: Ball 1-0: Ball 2-0: Foul Ball, location: 2F 2-1: Ball 3-1: SINGLE (Line Drive, 34D, EV 94.4 MPH)
|
Batting: RHB Sal Rivera
|
0-0: Fly out, F8 (Flyball, 89M, EV 86.2 MPH)
|
Bottom of the 5th over - 0 runs, 1 hit, 0 errors, 1 left on base; Buffalo 1 - Pawtucket 1 |
TOP OF THE 6TH |
Buffalo Bisons batting - Pitching for Pawtucket Red Sox : RHP Danny Klomp
|
Batting: RHB Michel Martineau
|
0-0: Called Strike 0-1: Foul Ball, location: 2F 0-2: Ball 1-2: Ground out 6-3 (Groundball, 56, EV 109.4 MPH)
|
Batting: LHB Gabe Pace
|
0-0: Ball 1-0: Fly out, F8 (Flyball, 8RS, EV 82.5 MPH)
|
Batting: SHB Dominik Hasek II
|
0-0: Ground out 5-3 (Groundball, 5, EV 103.1 MPH)
|
Top of the 6th over - 0 runs, 0 hits, 0 errors, 0 left on base; Buffalo 1 - Pawtucket 1 |
BOTTOM OF THE 6TH |
Pawtucket Red Sox batting - Pitching for Buffalo Bisons : RHP Douglas ten Pas
|
Batting: RHB Brandon Perris
|
0-0: Ball 1-0: SINGLE (Groundball, 6MD, EV 95.0 MPH)
|
Batting: SHB Ben Ervin
|
0-0: Ball 1-0: SINGLE (Groundball, 4MD, EV 112.5 MPH) Brandon Perris to second
|
Batting: SHB Willie Koviak
|
0-0: Ball 1-0: Grounds into double play, 4-6-3 (Groundball, 4, EV 87.5 MPH) Brandon Perris to third
|
Batting: RHB Ernie Genier
|
0-0: Ball 1-0: DOUBLE (Line Drive, 7LS, EV 111.9 MPH) Brandon Perris scores
|
Batting: RHB John Chiesa
|
0-0: Ground out 5-3 (Groundball, 56, EV 105.6 MPH)
|
Bottom of the 6th over - 1 run, 3 hits, 0 errors, 1 left on base; Buffalo 1 - Pawtucket 2 |
TOP OF THE 7TH |
Buffalo Bisons batting - Pitching for Pawtucket Red Sox : RHP Danny Klomp
|
Batting: RHB Alex Ramos
|
0-0: Called Strike 0-1: Ball 1-1: Foul Ball, location: 2F 1-2: Fly out, F8 (Flyball, 8RM, EV 82.5 MPH)
|
Batting: RHB Jorge Baret
|
0-0: Swinging Strike 0-1: Foul Ball, location: 2F 0-2: Ground out 2-3 (Groundball, 13S, EV 65.6 MPH)
|
Batting: RHB John Loving
|
0-0: Ball 1-0: Foul Ball, location: 2F 1-1: Called Strike 1-2: Strikes out looking
|
Top of the 7th over - 0 runs, 0 hits, 0 errors, 0 left on base; Buffalo 1 - Pawtucket 2 |
BOTTOM OF THE 7TH |
Pawtucket Red Sox batting - Pitching for Buffalo Bisons : RHP Douglas ten Pas
|
Batting: RHB Carlos Nolasco
|
0-0: Swinging Strike 0-1: Foul Ball, location: 2F 0-2: Foul Ball, location: 2F 0-2: Ball 1-2: Ball 2-2: Strikes out swinging
|
Batting: RHB Joe Sandoval
|
0-0: Ground out 6-3 (Groundball, 6, EV 91.9 MPH)
|
Batting: RHB Joe Evrard
|
0-0: Ball 1-0: Foul Ball, location: 2F 1-1: Ball 2-1: Called Strike 2-2: Ground out 5-3 (Groundball, 56, EV 101.2 MPH)
|
Bottom of the 7th over - 0 runs, 0 hits, 0 errors, 0 left on base; Buffalo 1 - Pawtucket 2 |
TOP OF THE 8TH |
Buffalo Bisons batting - Pitching for Pawtucket Red Sox : RHP Danny Klomp
|
Batting: RHB Bryan Peterson
|
0-0: Ball 1-0: Called Strike 1-1: Swinging Strike 1-2: Ground out 6-3 (Groundball, 6, EV 105.0 MPH)
|
Pitching: LHP John Hotham
|
|
Batting: RHB Frank Caulfield
|
0-0: Ball 1-0: Foul Ball, location: 2F 1-1: Called Strike 1-2: Strikes out looking
|
Batting: RHB Jose Garza
|
0-0: Swinging Strike 0-1: Ball 1-1: Swinging Strike 1-2: Ball 2-2: Fly out, F8 (Flyball, 8RXD, EV 105.6 MPH)
|
Top of the 8th over - 0 runs, 0 hits, 0 errors, 0 left on base; Buffalo 1 - Pawtucket 2 |
BOTTOM OF THE 8TH |
Pawtucket Red Sox batting - Pitching for Buffalo Bisons : RHP Douglas ten Pas
|
Batting: RHB Sal Rivera
|
0-0: Ball 1-0: Foul Ball, location: 2F 1-1: Called Strike 1-2: Fly out, F8 (Flyball, 8LS, EV 93.1 MPH)
|
Batting: RHB Brandon Perris
|
0-0: Foul Ball, location: 2F 0-1: Foul Ball, location: 2F 0-2: Foul Ball, location: 2F 0-2: Ball 1-2: Strikes out looking
|
Batting: SHB Ben Ervin
|
0-0: Ball 1-0: Foul Ball, location: 2F 1-1: Foul Ball, location: 2F 1-2: Foul Ball, location: 2F 1-2: Ball 2-2: Foul Ball, location: 2F 2-2: Strikes out looking
|
Bottom of the 8th over - 0 runs, 0 hits, 0 errors, 0 left on base; Buffalo 1 - Pawtucket 2 |
TOP OF THE 9TH |
Buffalo Bisons batting - Pitching for Pawtucket Red Sox : LHP John Hotham
|
Pitching: RHP Jim Whiteman
|
|
Batting: RHB Michel Martineau
|
0-0: Ball 1-0: Called Strike 1-1: Ground out 4-3 (Groundball, 34, EV 102.5 MPH)
|
Batting: LHB Gabe Pace
|
0-0: Ball 1-0: Swinging Strike 1-1: Swinging Strike 1-2: Ball 2-2: Ball 3-2: Fly out, F5 (Popup, 5, EV 58.1 MPH)
|
Batting: SHB Dominik Hasek II
|
0-0: Ground out 2-3 (Groundball, 2L, EV 63.8 MPH)
|
Top of the 9th over - 0 runs, 0 hits, 0 errors, 0 left on base; Buffalo 1 - Pawtucket 2 |
|